 Dungeon Crawl Stone Soup version 0.17-a0-1504-gb7d9117 (webtiles) character file.

259 urechis the Cudgeler (level 6, -1/66 HPs)
             Began as an Ogre Gladiator on July 9, 2015.
             Slain by an orc
             ... wielding a +0 flail
              (3 damage)
             ... on level 3 of the Dungeon.
             The game lasted 00:05:32 (2709 turns).

urechis the Cudgeler (Ogre Gladiator)               Turns: 2709, Time: 00:05:33

Health: -1/66      AC:  4    Str: 23    XL:     6   Next: 17%
Magic:  6/6        EV: 10    Int:  7    God:
Gold:   83         SH:  0    Dex: 10    Spells: 0 memorised, 5 levels left

rFire  . . .     SeeInvis .     a - +0 flail
rCold  . . .     Clarity  .     b - +0 robe
rNeg   . . .     SustAt   .     (no shield)
rPois  .         Gourm    .     (helmet restricted)
rElec  .         Spirit   .     h - +0 cloak
rCorr  .         Warding  .     (gloves unavailable)
rMut   .         Stasis   .     (boots unavailable)
MR     .....                    c - amulet of rage
Stlth  +.........               (no ring)
                                (no ring)

@: exhausted, slowed, very slow, not resistant to hostile enchantments, very
unstealthy
A: unfitting armour, tough skin 1
a: Evoke Berserk Rage


You were on level 3 of the Dungeon.
You were not hungry.

You visited 1 branch of the dungeon, and saw 3 of its levels.
You also visited: Sewer.

You collected 83 gold pieces.

Inventory:

Hand weapons
 a - a +0 flail (weapon)
Missiles
 e - 3 throwing nets (quivered)
Armour
 b - a +0 robe (worn)
 h - a +0 cloak (worn)
Jewellery
 c - an amulet of rage (around neck)
Scrolls
 f - a scroll of blinking {unknown}
 j - 4 scrolls of teleportation {unknown}
 l - 2 scrolls of fog {unknown}
 n - a scroll of amnesia {unknown}
 o - a scroll of fear {unknown}
 p - a scroll of immolation {unknown}
 q - 2 scrolls of enchant weapon {unknown}
 s - 4 scrolls of identify {unknown}
 t - a scroll of magic mapping {unknown}
 u - a scroll of noise {unknown}
Potions
 g - 2 potions of might {unknown}
 v - 3 potions of heal wounds {unknown}
 w - 2 potions of flight {unknown}
 x - 2 potions of curing {unknown}
 z - a potion of ambrosia {unknown}
Comestibles
 d - 2 bread rations
 i - 2 meat rations
 k - a beef jerky
 r - a slice of pizza


   Skills:
 + Level 5.4 Fighting
 * Level 7.4 Maces & Flails
 - Level 2.1 Throwing
 - Level 2.6 Dodging


You had 5 spell levels left.
You didn't know any spells.

Dungeon Overview and Level Annotations

Branches:
Dungeon (3/15)

Altars:


Innate Abilities, Weirdness & Mutations

You are too large for most types of armour.
You have tough skin (AC +1).


Message History

You are no longer berserk.
You are exhausted.
You feel yourself slow down.
You are feeling very hungry.
You start resting.
An orc comes into view.
An orc is nearby!
Eat which item? (? for menu, Esc to quit)
You continue eating. x2
You finish eating.
That royal jelly was delicious!
The orc hits you but does no damage.
You closely miss the orc. You barely miss the orc. The orc hits you.
* * * LOW HITPOINT WARNING * * *
The orc closely misses you. The orc hits you.
* * * LOW HITPOINT WARNING * * *
You closely miss the orc. The orc hits you.
* * * LOW HITPOINT WARNING * * *
The orc hits you with a flail.
You die...

............... ###
..≈≈..........≈≈
#..≈..........≈§
##.............. ###
#......≈......# ....
#(#...≈8≈.....# #
#### #.#####.......#
.# #........#
#.###..#
#######..####.#@)..#
#.......oo)..#
#.###.........?..
#.# #.#.#.#######
#.# #.#.#.# ...
..#.#.# .....##.#.#
#..##. #.#.# #.. #.
#.#.#


You could see 2 orcs.

Vanquished Creatures
  A big kobold (Sewer)
  An orc priest (D:3)
  An orc wizard (D:3)
  4 adders (D:2)
  3 river rats
  An ooze (D:2)
  4 worms (D:2)
  A giant gecko (D:1)
  2 ball pythons (D:3)
  5 bats
  3 giant cockroaches (D:2)
  3 hobgoblins
  3 giant newts (D:2)
  4 goblins
  5 jackals
  11 kobolds
  8 rats
60 creatures vanquished.

Notes
Turn   | Place    | Note
--------------------------------------------------------------
     0 | D:1      | urechis the Ogre Gladiator began the quest for the Orb.
     0 | D:1      | Reached XP level 1. HP: 22/22 MP: 1/1
   178 | D:1      | Reached XP level 2. HP: 22/31 MP: 2/2
   640 | D:2      | Reached XP level 3. HP: 17/39 MP: 3/3
   933 | D:2      | Reached skill level 5 in Maces & Flails
  1442 | D:2      | Reached XP level 4. HP: 40/48 MP: 4/4
  2046 | D:3      | Found a glowing drain.
  2070 | D:3      | Reached skill level 6 in Maces & Flails
  2083 | Sewer    | Entered a sewer
  2100 | Sewer    | Reached XP level 5. HP: 13/55 MP: 5/5
  2403 | Sewer    | Noticed a big kobold
  2410 | Sewer    | Killed a big kobold
  2410 | Sewer    | Reached skill level 5 in Fighting
  2441 | Sewer    | Found a white marble altar of Elyvilon.
  2688 | D:3      | Reached skill level 7 in Maces & Flails
  2688 | D:3      | Reached XP level 6. HP: 13/66 MP: 6/6
  2691 | D:3      | HP: 3/66 [orc wizard/dagger (3)]
  2709 | D:3      | HP: 2/66 [orc (2)]
  2709 | D:3      | Slain by an orc

Vault maps used:
D:1:      lightli_iron_boxes, minivault_19
D:2:      minivault_4, st_stairs_7, roderic_roman_lattice,
          kennysheep_generic_room_12
D:3:      gammafunk_temple_overflow_forgotten, portal_sewer_entry_c,
          kennysheep_decorative_pillar
Sewer:    sewer_kobolds

Action                   |  1- 3 |  4- 6 || total
-------------------------+-------+-------++-------
Melee: Flail             |    89 |   113 ||   202
 Abil: Evoke Berserk Rag |     1 |     2 ||     3
 Stab: Sleeping          |       |     1 ||     1
  Eat: Chunk             |     2 |     5 ||     7
       Royal jelly       |       |     1 ||     1
